 Dungeon Crawl Stone Soup version 0.31-a0-977-gc230f8ef24 (webtiles) character file.

Game seed: 11215726531478486901

7956 Shayle the Martial Artist (level 11, -10/68 HPs)
             Began as a Tengu Hexslinger on Oct 29, 2023.
             Was a Follower of Ashenzari.
             Mangled by a freezing wraith (11 damage)
             ... in an ice cave.
             The game lasted 00:44:43 (10656 turns).

Shayle the Martial Artist (Tengu Hexslinger)       Turns: 10656, Time: 00:44:43

Health: -10/68     AC:  9    Str: 10    XL:     11   Next: 23%
Magic:  13/13      EV: 25    Int: 17    God:    Ashenzari [*.....]
Gold:   557        SH:  5    Dex: 16    Spells: 8/12 levels left

rFire   + . .        M - +3 war axe "Ozoplyxa" {flame, rPois rCorr}
rCold   + . .        H - +0 buckler
rNeg    . . .        c - +0 robe
rPois   +            (helmet restricted)
rElec   +            (no cloak)
rCorr   +            u - +2 pair of gloves "Oracular Scepticism" {Comp, Bglg} (curse)
SInv    .            (boots unavailable)
Will    .....        (no amulet)
Stlth   +            p - +5 ring of evasion
HPRegen 0.31/turn    R - ring "Dogma of Ashenzari" {AC+4, Fort, Cun} (curse)
MPRegen 0.13/turn

%: acrobat
@: mighty, resistant (expiring), flying, slowed, very slow
A: beak, talons 3, evasive flight, acrobatic
a: Renounce Religion, Shatter the Chains


You were in an ice cave.
You worshipped Ashenzari.
Ashenzari was aware of your devotion.
You visited 3 branches of the dungeon, and saw 10 of its levels.
You also visited: Sewer, Ossuary and Ice Cave.

You collected 707 gold pieces.
You spent 150 gold pieces at shops.

Inventory:

Hand Weapons
 a - a +1 sling
 f - a +3 trident of draining
 v - a +3 dagger of venom
 L - a +5 dagger
 M - the +3 war axe "Ozoplyxa" (weapon) {flame, rPois rCorr}
   (You found it on level 6 of the Dungeon)

   rPois:     It protects you from poison rCorr: It protects you from acid and
   corrosion.
 N - the +4 trident of Butchery {venom, rC+ MP-9 Str+6}
   (You found it on level 7 of the Dungeon)

   Str+6:     It affects your strength (+6).
   rC+:       It protects you from cold.
   MP-9:      It affects your magic capacity (-9).
Armour
 c - a +0 robe (worn)
 r - a +0 ring mail
 u - the cursed +2 pair of gloves "Oracular Scepticism" (worn) {Comp, Bglg}
   (You found it on level 3 of the Dungeon)

   It has a curse which improves the following skills: Companions: Summonings
   and Necromancy.
   Beguiling: Conjurations, Hexes and Translocations.
 H - a +0 buckler (worn)
 Q - an orb of guile
 T - +0 steam dragon scales
Magical Staves
 o - a staff of air
Jewellery
 j - the amulet of the Keeping Queen {Drain rC+ Will+ Regen+}
   (You found it on level 2 of the Dungeon)

   [amulet of regeneration]

   rC+:       It protects you from cold.
   Will+:     It increases your willpower.
   Regen+:    It increases your rate of health regeneration.
   Drain:     It drains your maximum health when unequipped.
 p - a +5 ring of evasion (left hand)
 x - a ring of see invisible
 R - the cursed ring "Dogma of Ashenzari" (right hand) {AC+4, Fort, Cun}
   (You found it on level 8 of the Dungeon)

   [ring of protection]

   AC+4:      It affects your AC (+4).
   It has a curse which improves the following skills: Fortitude: Armour and
   Shields.
   Cunning:   Dodging and Stealth.
 S - a +6 ring of dexterity
Wands
 l - a wand of mindburst (8)
 q - a wand of flame (31)
 t - a wand of polymorph (9)
Scrolls
 b - 2 scrolls of poison
 g - 3 scrolls of immolation
 s - 3 scrolls of enchant weapon
 w - a scroll of silence
 y - 3 scrolls of teleportation
 E - a scroll of fear
 G - 2 scrolls of fog
 I - a scroll of revelation
 J - 2 scrolls of enchant armour
 K - 3 scrolls of vulnerability
 O - a scroll of noise
 P - a scroll of identify
Potions
 d - 10 potions of haste
 e - 4 potions of curing
 h - 2 potions of brilliance
 i - 3 potions of magic
 m - 2 potions of attraction
 n - 5 potions of mutation
 z - 4 potions of heal wounds
 A - a potion of resistance
 B - a potion of might
 C - a potion of invisibility
 D - 3 potions of lignification
 F - a potion of enlightenment


   Skills:
 - Level 8.0 Fighting
 - Level 2.1 Ranged Weapons
 + Level 8.3(9.2) Dodging
 + Level 1.3(1.9) Shields
 + Level 10.9 Unarmed Combat
 - Level 1.0 Spellcasting
 - Level 2.2(2.9) Conjurations
 - Level 2.1(2.8) Hexes
 - Level 2.0(2.6) Summonings
 - Level 1.7(2.3) Necromancy
 - Level 2.0(2.6) Translocations
 - Level 1.1 Fire Magic
 - Level 7.4 Air Magic
 - Level 4.1 Evocations


You had 8 spell levels left.
You knew the following spells:

 Your Spells              Type           Power      Damage    Failure   Level
a - Jinxbite              Hex            20%        N/A       14%         2
b - Blink                 Tloc           18%        N/A       16%         2

Your spell library contained the following spells:

 Spells                   Type           Power      Damage    Failure   Level
 Swiftness                Air            26%        N/A       4%          3
 Lesser Beckoning         Tloc           18%        N/A       16%         2
 Momentum Strike          Conj/Tloc      20%        3d8       16%         2
 Ensorcelled Hibernation  Hex/Ice        10%        N/A       26%         2
 Sigil of Binding         Hex            10%        N/A       28%         3
 Summon Lightning Spire   Summ/Air       18%        N/A       36%         4
 Inner Flame              Hex/Fire       7%         N/A       38%         3
 Passwall                 Tmut/Erth      0%         N/A       43%         2
 Cause Fear               Hex            5%         N/A       67%         4
 Dimensional Bullseye     Hex/Tloc       5%         N/A       71%         4
 Flame Wave               Conj/Fire      7%         2d5       80%         4
 Sticky Flame             Conj/Fire      7%         2d3       80%         4
 Animate Armour           Summ/Erth      10%        N/A       87%         4
 Lee's Rapid Deconstruct  Erth           0%         3d4*      100%        5


Dungeon Overview and Level Annotations

Branches:
Dungeon (8/15)             Temple (1/1) D:6            Lair (1/5) D:8
  Sewer (visited)         Ossuary (visited)           IceCv (1/1)

Altars:
Ashenzari
Cheibriados
Dithmenos
Fedhas
Hepliaklqana
Kikubaaqudgha
Makhleb
Nemelex Xobeh
Qazlal
Wu Jian
Xom
Yredelemnul
Zin
The Shining One

Shops:
D:1 *=[   D:2 ?   D:5 *


Innate Abilities, Weirdness & Mutations

You have a beak for a mouth.
You have claws for feet.
Your magical flight helps you evade attacks. (EV +4)
You can magically evade attacks while moving or waiting.


Message History

The freezing wraith hits you! The freezing wraith freezes you! You resist.
The freezing wraith completely misses you.
The ice devil closely misses you. The freezing wraith misses you.
The freezing wraith hits you. The freezing wraith drains your vigour!
You feel as though you will be slow longer.
You barely miss the freezing wraith.
You claw the freezing wraith, but do no damage.
You slash the ice devil! You burn the ice devil.
The ice devil completely misses you.
The freezing wraith completely misses you.
The freezing wraith closely misses you. The ice devil misses you.
You block the freezing wraith's attack. The freezing wraith closely misses you.
You slash the ice devil! You burn the ice devil! You claw the ice devil.
You kill the ice devil!
You hit the freezing wraith. You burn the freezing wraith.
The freezing wraith misses you.
The freezing wraith hits you but does no damage.
The freezing wraith barely misses you. The freezing wraith closely misses you.
Your Shields skill increases to level 1!
You barely miss the freezing wraith. You claw the freezing wraith.
You peck the freezing wraith, but do no damage.
The freezing wraith is moderately damaged.
The freezing wraith misses you. x2; The freezing wraith hits you.
The freezing wraith freezes you! You resist.
* * * LOW HITPOINT WARNING * * *
The freezing wraith completely misses you.
You slash the freezing wraith! You burn the freezing wraith.
The freezing wraith is heavily damaged.
You start to feel less resistant.
You block the freezing wraith's attack. The freezing wraith hits you!
* * * LOW HITPOINT WARNING * * *
The freezing wraith closely misses you. You block the freezing wraith's attack.
The freezing wraith barely misses you. You block the freezing wraith's attack.
You closely miss the freezing wraith. You claw the freezing wraith.
The freezing wraith is heavily damaged.
The freezing wraith misses you. The freezing wraith barely misses you.
The freezing wraith hits you!
* * * LOW HITPOINT WARNING * * *
The freezing wraith freezes you! You resist.
You die...

##.###...##
#..######
.. ##..##
.# #...##
..# ##...##
..# ##...##
#.#
##.§.##..#
##☼.#W.#
#☼☼.@..#
#☼°§#...##
#○.######
#.. ##. #


You could see a freezing wraith.

Vanquished Creatures
  A black mamba (Lair:1)
  An elephant (D:8)
  An ice devil (IceCv)
  A freezing wraith (IceCv)
  A meliai (D:6)
  Prince Ribbit (D:7)
  A hornet (D:7)
  A vampire (D:7)
  9 yaks
  A dire elephant simulacrum (IceCv)
  2 wyverns
  A basilisk (D:8)
  A steam dragon (D:8)
  2 death yak simulacra (IceCv)
  A water moccasin (D:5)
  Duvessa (D:7)
  2 black bears (D:6)
  A sky beast (D:6)
  2 ice beasts
  3 ogres
  A phantom (D:6)
  2 centaurs (D:5)
  2 kobold brigands
  A bullfrog (D:5)
  A scorpion (D:6)
  A cane toad simulacrum (IceCv)
  11 wights
  Dowan (D:7)
  3 elephant simulacra (IceCv)
  6 killer bees (D:8)
  An electric eel (D:6)
  2 howler monkeys (D:7)
  8 hounds
  3 jellies
  2 orc priests
  2 sleepcaps
  Jessica (D:3)
  4 orc wizards
  Natasha (thrice) (D:4)
  5 iguanas
  A troll simulacrum (IceCv)
  3 wolf simulacra (IceCv)
  8 mummies (Ossuary)
  3 gnolls (D:5)
  A naga simulacrum (IceCv)
  8 river rats
  8 adders
  3 white imps
  An ufetubus (IceCv)
  A worm (D:5)
  2 dart slugs
  19 orcs
  8 ball pythons
  7 endoplasms
  2 giant cockroaches
  A gnoll zombie (Ossuary)
  5 goblins
  3 hobgoblins
  6 quokkas
  6 bats
  4 frilled lizards
  2 hobgoblin zombies (Ossuary)
  28 kobolds
  3 kobold zombies (Ossuary)
  2 orc zombies (Ossuary)
  30 rats
  2 butterflies (D:6)
261 creatures vanquished.

Notes
Turn   | Place    | Note
-------+----------+-------------------------------------------
     0 | D:1      | Shayle the Tengu Hexslinger began the quest for the Orb.
     0 | D:1      | Reached XP level 1. HP: 12/12 MP: 3/3
    87 | D:1      | Found Joj Matz's Jewellery Emporium.
   234 | D:1      | Reached skill level 1 in Unarmed Combat
   234 | D:1      | Reached XP level 2. HP: 16/16 MP: 4/4
   395 | D:1      | Found Kier's Armour Emporium.
   427 | D:1      | Learned a level 2 spell: Jinxbite
   569 | D:1      | Found Leophui's General Store.
   891 | D:2      | Found Cucoup's Magic Scroll Boutique.
   915 | D:2      | Reached XP level 3. HP: 21/21 MP: 5/5
   976 | D:2      | Identified the amulet of the Keeping Queen {Drain rC+ Will+
                  | Regen+}
  1036 | D:2      | Reached skill level 2 in Unarmed Combat
  1549 | D:2      | Learned a level 2 spell: Blink
  1918 | D:3      | Found a sparkling altar of Nemelex Xobeh.
  1988 | D:3      | Reached XP level 4. HP: 27/27 MP: 6/6
  1988 | D:3      | Noticed Jessica
  2024 | D:3      | Killed Jessica
  2025 | D:3      | Reached skill level 1 in Translocations
  2296 | D:4      | Noticed Natasha
  2310 | D:4      | Killed Natasha
  2311 | D:4      | Reached skill level 3 in Unarmed Combat
  2311 | D:4      | Reached XP level 5. HP: 28/32 MP: 5/7
  2327 | D:4      | Noticed Natasha
  2335 | D:4      | Killed Natasha
  2362 | D:4      | Noticed Natasha
  2370 | D:4      | Killed Natasha
  2522 | D:4      | Reached XP level 6. HP: 33/37 MP: 4/8
  2569 | D:4      | Found a glowing drain.
  2578 | Sewer    | Entered a sewer
  2777 | Sewer    | Reached skill level 1 in Air Magic
  3054 | Sewer    | Reached skill level 4 in Unarmed Combat
  4160 | D:4      | Found a shimmering altar of Xom.
  4202 | D:4      | Gained mutation: Your magical flight helps you evade
                  | attacks. (EV +4) [Tengu growth]
  4202 | D:4      | Reached XP level 7. HP: 12/44 MP: 9/9
  4358 | D:5      | Entered Level 5 of the Dungeon
  4577 | D:4      | Reached skill level 5 in Unarmed Combat
  4718 | D:5      | Reached skill level 5 in Fighting
  4760 | D:5      | Noticed a yak
  4760 | D:5      | Noticed a yak
  4766 | D:5      | Noticed a yak
  4769 | D:5      | Noticed a yak
  4771 | D:5      | Killed a yak
  4772 | D:5      | Reached XP level 8. HP: 50/50 MP: 10/10
  4774 | D:5      | Killed a yak
  4775 | D:5      | Reached skill level 5 in Air Magic
  4776 | D:5      | Killed a yak
  4777 | D:5      | Reached skill level 6 in Unarmed Combat
  4788 | D:5      | Killed a yak
  4791 | D:5      | Found a shadowy altar of Dithmenos.
  4791 | D:5      | Found a hazy altar of Hepliaklqana.
  4794 | D:5      | Noticed a shadow
  4811 | D:5      | Found Rizorif's Assorted Antiques.
  4823 | D:5      | Bought a scroll labelled DOUH NEAZATE for 33 gold pieces
  4823 | D:5      | Bought 2 viscous green potions for 59 gold pieces
  4823 | D:5      | Bought a metallic silvery potion for 29 gold pieces
  4823 | D:5      | Bought a ruby potion for 29 gold pieces
  4897 | D:5      | Found a sand-covered staircase.
  4907 | Ossuary  | Entered an ossuary
  5388 | D:5      | Found a snail-covered altar of Cheibriados.
  6151 | D:5      | Reached skill level 7 in Unarmed Combat
  6151 | D:5      | Reached XP level 9. HP: 45/56 MP: 11/11
  6560 | D:6      | Found a burning altar of Makhleb.
  7063 | D:6      | Identified the +3 war axe "Ozoplyxa" {flame, rPois rCorr}
  7087 | D:6      | Reached skill level 8 in Unarmed Combat
  7145 | D:6      | Noticed Jeremiah
  7412 | D:7      | Noticed Duvessa
  7412 | D:7      | Noticed Dowan
  7447 | D:7      | Killed Duvessa
  7455 | D:7      | Killed Dowan
  7456 | D:7      | Reached skill level 1 in Evocations
  7562 | D:7      | Identified the +4 trident of Butchery {venom, rC+ MP-9
                  | Str+6}
  7642 | D:7      | Noticed a hornet
  7647 | D:7      | Killed a hornet
  7648 | D:7      | Reached skill level 5 in Dodging
  7648 | D:7      | Reached XP level 10. HP: 64/64 MP: 12/12
  7709 | D:7      | Noticed Prince Ribbit
  7716 | D:7      | Killed Prince Ribbit
  7791 | D:6      | Reached skill level 9 in Unarmed Combat
  8102 | D:8      | Found a glowing silver altar of Zin.
  8308 | D:6      | Found a staircase to the Ecumenical Temple.
  8328 | Temple   | Entered the Ecumenical Temple
  8341 | Temple   | Became a worshipper of Ashenzari the Shackled
  8560 | D:6      | Jeremiah changed into Jeremiah the meliai
  8560 | D:6      | Noticed Jeremiah
  8570 | D:6      | Killed Jeremiah the meliai
  9086 | D:8      | Found a staircase to the Lair.
  9086 | D:8      | Noticed an elephant
  9141 | D:8      | Reached skill level 1 in Conjurations
  9145 | D:8      | Reached skill level 1 in Summonings
  9145 | D:8      | Reached skill level 1 in Necromancy
  9405 | D:8      | Killed an elephant
  9634 | D:8      | Reached skill level 10 in Unarmed Combat
  9876 | D:14     | Identified the "Peguwull"
  9876 | Lair:1   | Identified the "Quuh Qit"
  9876 | Lair:1   | Entered Level 1 of the Lair of Beasts
  9876 | Lair:1   | Noticed a black mamba
  9888 | Lair:1   | Killed a black mamba
  9889 | Lair:1   | Reached XP level 11. HP: 51/68 MP: 4/13
  9973 | Lair:1   | Reached * piety under Ashenzari
  9974 | Lair:1   | Found a frozen archway.
  9985 | IceCv    | Entered an ice cave
 10020 | IceCv    | Identified the cursed +2 pair of gloves "Oracular
                  | Scepticism" {Comp, Bglg} (You found it on level 3 of the
                  | Dungeon)
 10654 | IceCv    | Reached skill level 1 in Shields
 10656 | IceCv    | HP: 1/68 [freezing wraith (9)]
 10656 | IceCv    | Mangled by a freezing wraith

Illustrated notes

Levels and vault maps discovered:
D:1:      roderic_chinese_lattice_arrival, layout_loops_ring, serial_shops,
          shop, nicolae_shop_waterfront, shop, chequers_serial_rivers_marsh,
          minmay_stone_trees_medium
D:2:      layout_basic, serial_shops, shop
D:3:      layout_rooms, amcnicky_altar_gilded, uniq_jessica
D:4:      layout_loops_ring, mainiacjoe_overflow_chevrons,
          cheibrodos_sewer_entry_sluice, uniq_natasha
D:5:      minmay_evil_eye, layout_loops_ring,
          riverfiend_overflow_shadow_ancestor, kennysheep_mini,
          nicolae_ossuary_entry_monument, serial_shops,
          nicolae_shop_tiny_waterfront, mrwooster_statue_mirror,
          minmay_small_thing
D:6:      layout_loops_cross, mainiacjoe_overflow_concentric_impassable,
          minmay_temple_entry_butterflies, kennysheep_minor_cross,
          blue_anna_alchemist, grunt_ministairs_11, uniq_jeremiah
D:7:      layout_basic, uniq_prince_ribbit1, uniq_duvessa
D:8:      layout_basic, mainiacjoe_overflow_catwalk, david_lair_generic
Temple:   nicolae_temple_bog_church
Lair:1:   statuecave_lemuel, layout_hall_layers,
          portal_ice_cave_entry_pillars_1, grunt_forest_small_clearing_treed
IceCv:    ice_cave_small_necro

Skill      XL: |  1  2  3  4  5  6  7  8  9 10 11 |
---------------+----------------------------------+-----
Unarmed Combat | 1 2 3 4 5 7 8 10 | 10.9
Fighting       | 2 3 4 5 6 8 |  8.0
Translocations | 1 2 |  2.0
Air Magic      | 2 4 7 |  7.4
Dodging        | 5 7 8 |  8.3
Evocations     | 1 4 |  4.1
Conjurations   | 2 |  2.2
Summonings     | 2 |  2.0
Necromancy     | 1 |  1.7
Shields        | 1 |  1.3
Ranged Weapons | |  2.1
Spellcasting   | |  1.0
Hexes          | |  2.1
Fire Magic     | |  1.1

Action                     |  1- 3 |  4- 6 |  7- 9 | 10-12 || total
---------------------------+-------+-------+-------+-------++-------
  Melee: Dagger            |       |     6 |    68 |       ||    74
         Sling             |       |     6 |       |       ||     6
         Kick              |       |     2 |    92 |    75 ||   169
         Peck              |       |     1 |    68 |    48 ||   117
         Punch             |       |       |     5 |       ||     5
         Unarmed           |       |       |   197 |   110 ||   307
         Trident           |       |       |       |    92 ||    92
         War axe           |       |       |       |     7 ||     7
   Fire: Sling             |   119 |   193 |    40 |     2 ||   354
  Throw: Throwing net      |       |       |     2 |     2 ||     4
   Cast: Jinxbite          |     4 |    21 |    25 |    16 ||    66
         Blink             |       |       |       |     2 ||     2
 Invoke: Curse Item        |       |       |       |     2 ||     2
  Evoke: Wand              |       |    15 |     8 |    28 ||    51
    Use: Potion            |     1 |     5 |       |    10 ||    16
         Scroll            |       |       |    16 |     3 ||    19
   Stab: Sleeping          |       |       |     2 |     1 ||     3
 Armour: Robe              |    40 |   154 |    75 |    91 ||   360
         Skin              |       |       |       |    40 ||    40
  Dodge: Dodged            |    40 |   140 |   225 |   250 ||   655
  Block: Buckler           |       |       |    29 |    57 ||    86

Table legend: (Time is in decaauts)
 A = Elapsed time spent in this place.
 B = Non-inter-level travel time spent in this place.
 C = Inter-level travel time spent in this place.
 D = Time resting spent in this place.
 E = Time spent auto-exploring this place.
 F = Levels seen in this place.
 G = Mean time per level.
                   A        B        C        D        E       F      G
               +--------+--------+--------+--------+--------+-----+--------+
         Total |  10851 |  10466 |    385 |   2391 |   4553 |  13 |  834.7 |
       Dungeon |   8500 |   8140 |    360 |   1448 |   4261 |   8 | 1062.5 |
        Temple |     26 |      1 |     25 |      0 |      0 |   1 |   26.0 |
          Lair |    114 |    114 |      0 |     58 |      0 |   1 |  114.0 |
         Sewer |   1168 |   1168 |      0 |    391 |    292 |   1 | 1168.0 |
       Ossuary |    349 |    349 |      0 |     68 |      0 |   1 |  349.0 |
      Ice Cave |    692 |    692 |      0 |    426 |      0 |   1 |  692.0 |
               +--------+--------+--------+--------+--------+-----+--------+

Top non-repeatable levels by time:
     D:5: 1703 daAuts
     D:6: 1398 daAuts
     D:4: 1224 daAuts
   Sewer: 1168 daAuts
     D:8: 1138 daAuts
     D:2: 853 daAuts
     D:1: 798 daAuts
     D:7: 790 daAuts
   IceCv: 692 daAuts
     D:3: 592 daAuts
 Ossuary: 349 daAuts
  Lair:1: 114 daAuts
  Temple: 26 daAuts
